 Dungeon Crawl Stone Soup version 0.29-a0-993-g4a18f31a58 (webtiles) character file.

Game seed: 8932913130073805430

65 Alarak the Conjurer (level 3, -9/19 HPs)
             Began as a Deep Elf Conjurer on Aug 3, 2022.
             Killed by an exploding ball python (28 damage)
             ... ignited by their inner flame
             ... on level 3 of the Dungeon.
             The game lasted 00:02:54 (2345 turns).

Alarak the Conjurer (Deep Elf Conjurer)             Turns: 2345, Time: 00:02:55

Health: -9/19      AC:  5    Str:  4    XL:     3   Next: 92%
Magic:  8/9        EV: 12    Int: 24    God:
Gold:   136        SH:  0    Dex: 13    Spells: 7/8 levels left

rFire   . . .      SeeInvis .   l - +0 dagger
rCold   . . .      Faith    .   (no shield)
rNeg    . . .      Spirit   .   a - +0 robe
rPois   .          Reflect  .   (no helmet)
rElec   .          Harm     .   j - +0 cloak
rCorr   .          Rampage  .   (no gloves)
Will    .....                   k - +1 pair of boots
Stlth   ++........              (no amulet)
HPRegen 0.06/turn               (no ring)
MPRegen 0.11/turn               (no ring)

@: no status effects
A: no striking features
a: no special abilities


You were on level 3 of the Dungeon.
You visited 1 branch of the dungeon, and saw 3 of its levels.

You collected 136 gold pieces.

Inventory:

Hand Weapons
 l - a +0 dagger (weapon)
Armour
 a - a +0 robe (worn)
 j - a +0 cloak (worn)
 k - a +1 pair of boots (worn)
Scrolls
 g - a scroll of teleportation
 m - a scroll of identify
Potions
 b - a potion of magic
 c - 2 potions of lignification
 f - 3 potions of heal wounds {unknown}
 h - 2 potions of ambrosia {unknown}
 i - 2 potions of curing {unknown}
 n - 2 potions of brilliance {unknown}
 o - a potion of flight {unknown}


   Skills:
 - Level 2.4 Dodging
 - Level 2.4 Stealth
 - Level 3.0 Spellcasting
 + Level 6.1 Conjurations


You had 7 spell levels left.
You knew the following spells:

 Your Spells              Type           Power      Damage    Failure   Level
a - Magic Dart            Conj           100%       1d8       1%          1

Your spell library contained the following spells:

 Spells                   Type           Power      Damage    Failure   Level
 Searing Ray              Conj           66%        2d6       1%          2
 Dazzling Flash           Conj/Hex       36%        N/A       10%         3
 Mephitic Cloud           Conj/Pois/Air  13%        N/A       14%         3
 Call Imp                 Summ           3%         N/A       16%         2
 Fulminant Prism          Conj/Hex       9%         3d7       30%         4
 Iskenderun's Mystic Bla  Conj/Tloc      18%        2d6       30%         4
 Animate Armour           Summ/Erth      6%         N/A       71%         4
 Blade Hands              Tmut           1%         N/A       96%         5
 Iron Shot                Conj/Erth      9%         9d3       99%         6


Dungeon Overview and Level Annotations

Branches:
Dungeon (3/15)

Altars:


Message History

You can't see any susceptible monsters within range! (Use Z to cast anyway.)
You can't see any susceptible monsters within range! (Use Z to cast anyway.)
You can't see any susceptible monsters within range! (Use Z to cast anyway.) Search for what [Enter for "weapon", or ? for help]? armor Search for what [Enter for "armor", or ? for help]? weapon Done exploring.
Done exploring.
Done exploring.
(D) Dungeon
Where to? (Enter - D:2, ? - help)
You see here a +0 spear.
There is a stone staircase leading down here.
You climb downwards.
Found a scroll labelled ZOW WALOD CIASE.
There is a stone staircase leading up here.
A ball python is nearby!
As you read the scroll labelled USTRYOP REAG, it crumbles to dust.
The creatures around you are filled with an inner flame!
It was a scroll of immolation.
Blink to where?
Press: ? - help, Dir - move target, f - you Are you sure you want to cancel this blink?
Uppercase [Y]es or [N]o only, please.
Are you sure you want to cancel this blink? [Y]es or [N]o only, please.
Are you sure you want to cancel this blink?
Okay, then.
As you read the scroll labelled XOATEN VUCASM, it crumbles to dust.
It was a scroll of blinking.
As you read the scroll labelled ZOW WALOD CIASE, it crumbles to dust.
It is a scroll of identify.
c - 2 potions of lignification
As you read the scroll labelled MAOCALOOPHAL, it crumbles to dust.
It is a scroll of enchant armour.
Your +0 pair of boots glows green for a moment.
The magic dart hits the ball python!
The ball python explodes!
The fiery explosion engulfs you!!
Ouch! That really hurt!
You die...

## .. ..
.? #.#.#
#####...#
#.......#
#.......#
#.......#
#...§§@.#
#...§§..#
#....§§.#
#.......#
.........#
#........#
##.......#
#########


There were no monsters in sight!

Vanquished Creatures
  An adder (D:2)
  A gnoll (D:1)
  A dart slug (D:1)
  5 endoplasms
  2 giant cockroaches
  6 goblins (D:2)
  3 hobgoblins (D:2)
  4 jackals (D:1)
  6 ball pythons
  A bat (D:2)
  2 frilled lizards (D:2)
  5 kobolds
  4 rats
41 creatures vanquished.

Notes
Turn   | Place    | Note
-------+----------+-------------------------------------------
     0 | D:1      | Alarak the Deep Elf Conjurer began the quest for the Orb.
     0 | D:1      | Reached XP level 1. HP: 10/10 MP: 6/6
   244 | D:1      | Found a faded altar of an unknown god.
   346 | D:1      | Reached skill level 5 in Conjurations
   346 | D:1      | Reached XP level 2. HP: 15/15 MP: 2/8
  1428 | D:2      | Reached XP level 3. HP: 19/19 MP: 7/9
  1938 | D:2      | Reached skill level 6 in Conjurations
  2345 | D:3      | Killed by an exploding ball python... ignited by their
                  | inner flame

Illustrated notes

Levels and vault maps discovered:
D:1:      co_arrival_random_square_maze, layout_loops_cross,
          dreamdust_ecumenical_altar_statues
D:2:      minmay_diamond_boxcup, layout_basic
D:3:      layout_rooms, kennysheep_minor_cross

Skill      XL: |  1  2  3 |
---------------+----------+-----
Conjurations   | 5 6 |  6.1
Dodging        | |  2.4
Stealth        | |  2.4
Spellcasting   | |  3.0

Action                   || total
-------------------------++-------
Melee: Unarmed           ||     5
 Cast: Magic Dart        ||    67
  Use: Scroll            ||     7
Armor: Robe              ||     4
Dodge: Dodged            ||     2

Table legend: (Time is in decaauts)
 A = Elapsed time spent in this place.
 B = Non-inter-level travel time spent in this place.
 C = Inter-level travel time spent in this place.
 D = Time resting spent in this place.
 E = Time spent auto-exploring this place.
 F = Levels seen in this place.
 G = Mean time per level.
                   A        B        C        D        E       F      G
               +--------+--------+--------+--------+--------+-----+--------+
         Total |   2345 |   2129 |    216 |    267 |   1694 |   3 |  781.7 |
       Dungeon |   2345 |   2129 |    216 |    267 |   1694 |   3 |  781.7 |
               +--------+--------+--------+--------+--------+-----+--------+

Top non-repeatable levels by time:
     D:1: 1327 daAuts
     D:2: 1013 daAuts
     D:3: 4 daAuts
